 Dungeon Crawl Stone Soup version 0.31.0-32-g396128a36d (webtiles) character file.

Game seed: 3350577087887743908

800 monsoonserge the Ducker (level 7, -3/48 HPs)
             Began as an Octopode Shapeshifter on Apr 10, 2024.
             Slain by an orc
             ... wielding a +0 hand axe
              (6 damage)
             ... on level 5 of the Dungeon.
             The game lasted 00:09:19 (3377 turns).

monsoonserge the Ducker (Octopode Shapeshifter)     Turns: 3377, Time: 00:09:19

Health: -3/48      AC:  1    Str: 13    XL:     7   Next: 90%
Magic:  7/7        EV: 15    Int: 21    God:
Gold:   228        SH:  0    Dex: 17    Spells: 6/6 levels left

rFire   . . .        q - +1 falchion (flame)
rCold   . . .        (no shield)
rNeg    . . .        (helmet currently unavailable)
rPois   .            (no amulet)
rElec   .            l - +6 ring of intelligence
rCorr   .            p - +6 ring of dexterity
SInv    .            (no ring)
Will    .....        (no ring)
Stlth   ++++         (no ring)
HPRegen 0.28/turn    (no ring)
MPRegen 0.10/turn    (no ring)
                     (no ring)

%: no passive effects
@: beast-form
A: beast (slay +2), almost no armour, amphibious, 8 rings, camouflage 1,
gelatinous body 1, (nimble swimmer 1), tentacles
a: Begin Untransformation


You were on level 5 of the Dungeon.
You were a hulking beast.
You visited 1 branch of the dungeon, and saw 5 of its levels.

You collected 228 gold pieces.

Inventory:

Hand Weapons
 q - a +1 falchion of flaming (weapon)
Missiles
 h - 8 boomerangs (quivered)
 t - 11 poisoned darts
Magical Staves
 w - a staff of cold
Jewellery
 j - a ring of ice
 l - a +6 ring of intelligence (left tentacle)
 p - a +6 ring of dexterity (right tentacle)
Talismans
 b - a beast talisman
 c - a flux talisman
Scrolls
 g - 2 scrolls of fog {unknown}
 s - a scroll of fear {unknown}
 u - a scroll of identify {unknown}
 v - a scroll of enchant weapon {unknown}
Potions
 a - a potion of lignification
 d - a potion of might {unknown}
 e - 2 potions of cancellation {unknown}
 f - 2 potions of brilliance {unknown}
 i - 2 potions of heal wounds {unknown}
 k - a potion of enlightenment {unknown}
 m - a potion of haste {unknown}
 n - a potion of invisibility {unknown}
 o - a potion of ambrosia {unknown}
 r - a potion of degeneration {unknown}
 x - a potion of mutation {unknown}


   Skills:
 + Level 4.2 Fighting
 - Level 3.2(3.9) Short Blades
 - Level 3.2(4.0) Long Blades
 + Level 4.3 Dodging
 - Level 4.0 Stealth
 - Level 3.0 Unarmed Combat
 - Level 3.5 Shapeshifting


You had 6 spell levels left.
You didn't know any spells.
Your spell library contained the following spells:

 Spells                   Type           Power      Damage    Failure   Level
 Apportation              Tloc           0%         N/A       19%         1
 Slow                     Hex            0%         N/A       19%         1
 Jinxbite                 Hex            0%         N/A       26%         2
 Confusing Touch          Hex            0%         N/A       47%         3
 Inner Flame              Hex/Fire       0%         N/A       47%         3
 Sigil of Binding         Hex            0%         N/A       47%         3
 Vampiric Draining        Necr           0%         2d6       47%         3
 Flame Wave               Conj/Fire      0%         2d4       87%         4
 Sticky Flame             Fire/Alch      0%         2d4       87%         4
 Vhi's Electric Charge    Tloc/Air       0%         N/A       87%         4
 Alistair's Intoxication  Alch           0%         N/A       99%         5
 Arcjolt                  Conj/Air       0%         1d10      99%         5
 Plasma Beam              Fire/Air       0%         2x1d10    100%        6


Dungeon Overview and Level Annotations

Branches:
Dungeon (5/15)
 Temple: D:4-7

Altars:
Elyvilon

Annotations:
D:3 3 runed translucent doors, monsoonserge's ghost, amateur OpSh


Innate Abilities, Weirdness & Mutations

You are a hulking beast.
Your limbs bulge with bestial killing power. (Slay +2)
You cannot wear most types of armour.
You are amphibious.
You can wear up to eight rings at the same time.
Your skin changes colour to match your surroundings (Stealth+).
Your rubbery body absorbs attacks. (AC +1, EV +1)
((You are camouflaged when in or above water. (Stealth+)))
You have tentacles for arms and can constrict up to eight enemies at once.


Message History

You hit the shadow imp but do no damage.
Your grab misses the shadow imp.
The shadow imp is severely wounded.
The shadow imp hits you.
You barely miss the shadow imp. Your grab misses the shadow imp.
The shadow imp is severely wounded.
The sleepcap releases spores at you.
You are engulfed in a cloud of soporific spores!
You fall asleep.
The shadow imp hits you.
You wake up.
You hit the shadow imp. You burn the shadow imp.
You kill the shadow imp!
The sleepcap closely misses you.
You hit the sleepcap. You burn the sleepcap. You grab the sleepcap.
The sleepcap is lightly damaged.
You constrict the sleepcap. The orc hits you with a +0 hand axe.
The sleepcap releases spores at you!
You are engulfed in a cloud of soporific spores!
You are unaffected.
You hit the sleepcap but do no damage.
The sleepcap is lightly damaged.
You constrict the sleepcap, but do no damage.
The sleepcap misses you. The orc hits you with a +0 hand axe.
You barely miss the orc. You grab the orc. You constrict the orc.
You constrict the sleepcap. The sleepcap misses you.
The orc hits you with a +0 hand axe.
Unknown command.
You barely miss the orc.
The orc is moderately wounded.
You constrict the orc. You constrict the sleepcap.
The orc hits you with a +0 hand axe. The sleepcap releases spores at you!
* * * LOW HITPOINT WARNING * * *
You are engulfed in a cloud of soporific spores!
You fall asleep.
You lose your grip on the orc.
You lose your grip on the sleepcap.
The sleepcap releases spores at you.
You wake up.
* * * LOW HITPOINT WARNING * * *
You are engulfed in a cloud of soporific spores!
You are unaffected.
The orc hits you with a +0 hand axe.
You die...

.# #......# .#
##...#.###. ##
#..##..... ####
#......... ...#
##..###### .#.#
##+.###.### ...#
##.........## .#.#
#.>......#..## ...#
#......#.ho...# ...#
#......#.#f#....# (....
+.......#........#
...####..........#.#.#.#
#.## ##..#.....#.......
### ##.#....# . #. .. #
#)..# .# #. # #..# .. ..


You could see a sleepcap and an orc.

Vanquished Creatures
  Sigmund (D:2)
  2 scorpions (D:4)
  2 bombardier beetles (D:3)
  2 orc priests (D:4)
  2 hounds (D:5)
  2 sleepcaps
  2 orc wizards
  Terence (D:2)
  Robin (D:2)
  4 gnolls (D:5)
  3 adders
  A shadow imp (D:5)
  2 dart slugs
  2 ribbon worms
  14 orcs
  8 endoplasms
  5 giant cockroaches
  9 goblins
  6 hobgoblins
  6 jackals
  3 kobolds
  4 quokkas
  13 ball pythons
  5 bats
  2 frilled lizards
  5 rats
107 creatures vanquished.

Notes
Turn   | Place    | Note
-------+----------+-------------------------------------------
     0 | D:1      | monsoonserge the Octopode Shapeshifter began the quest for
                  | the Orb.
     0 | D:1      | Reached XP level 1. HP: 13/13 MP: 1/1
    64 | D:1      | Reached skill level 1 in Stealth
    95 | D:1      | Reached XP level 2. HP: 18/18 MP: 2/2
   572 | D:1      | Reached skill level 1 in Short Blades
   659 | D:1      | Reached XP level 3. HP: 19/23 MP: 3/3
   836 | D:2      | Identified the +5 helmet "Uphyeseb" {Str+4}
  1009 | D:2      | Reached XP level 4. HP: 17/29 MP: 4/4
  1010 | D:2      | Noticed Terence
  1018 | D:2      | Killed Terence
  1366 | D:2      | Noticed Sigmund
  1373 | D:2      | Killed Sigmund
  1374 | D:2      | Reached XP level 5. HP: 32/35 MP: 5/5
  1374 | D:2      | Reached XP level 6. HP: 38/41 MP: 6/6
  1442 | D:2      | Noticed Robin
  1453 | D:2      | Killed Robin
  2066 | D:3      | Reached skill level 1 in Long Blades
  2066 | D:3      | Reached XP level 7. HP: 43/46 MP: 7/7
  2171 | D:3      | Found a faded altar of an unknown god.
  2240 | D:3      | Found a runed translucent gate.
  2241 | D:3      | Found a runed translucent gate.
  2242 | D:3      | Found a runed translucent gate.
  2245 | D:3      | Noticed monsoonserge's ghost (amateur OpSh)
  3162 | D:5      | Entered Level 5 of the Dungeon
  3324 | D:5      | Found a white marble altar of Elyvilon.
  3377 | D:5      | Slain by an orc

Illustrated notes

Levels and vault maps discovered:
D:1:      dpeg_arrival_pits, layout_loops_ring
D:2:      wad_river_or_something, layout_basic, uniq_sigmund, uniq_robin,
          uniq_terence
D:3:      layout_rooms, biasface_ghost_orc_armoury,
          shapermc_ecumenical_altar_pompeii
D:4:      layout_basic
D:5:      minmay_angry_zag, layout_loops_corners, elyvilon_altar_3,
          mainiacjoe_overflow_alcove_4, lemuel_tele_altar,
          hangedman_decor_opposing

Skill      XL: |  1  2  3  4  5  6  7 |
---------------+----------------------+-----
Stealth        | 1 2 3 4 |  4.0
Short Blades   | 1 2 3 |  3.2
Fighting       | 2 3 4 |  4.2
Dodging        | 3 4 |  4.3
Long Blades    | 1 3 |  3.2
Unarmed Combat | |  3.0
Shapeshifting  | |  3.5

Action                     |  1- 3 |  4- 6 |  7- 9 || total
---------------------------+-------+-------+-------++-------
  Melee: Unarmed           |     8 |       |       ||     8
         Tentacles         |    10 |    19 |    15 ||    44
         Dagger            |    56 |    42 |       ||    98
         Constrict         |    15 |    18 |    19 ||    52
         Punch             |     2 |     2 |       ||     4
         Falchion          |       |    27 |    68 ||    95
   Stab: Sleeping          |     8 |     8 |    11 ||    27
         Distracted        |       |     1 |     1 ||     2
 Armour: Skin              |    20 |    29 |    35 ||    84
  Dodge: Dodged            |    36 |    51 |    22 ||   109
